 Dungeon Sprint DCSS version 0.27-a0-1139-g28e009f8a6 (webtiles) character file.

Game seed: 1128739273085584994

442 Zeld the Transmogrifier (level 7, 0/63 HPs)
             Began as an Octopode Transmuter on May 8, 2021.
             Was an Initiate of Sif Muna.
             Slain by a troll (15 damage)
             ... in the Dungeon (Sprint IX: "|||||||||||||||||||||||||||||").
             The game lasted 00:01:49 (1034 turns).

Zeld the Transmogrifier (Octopode Transmuter)       Turns: 1034, Time: 00:01:50

Health: 0/63       AC:  6    Str: 14    XL:     7   Next: 2%
Magic:  12/16      EV: 12    Int: 18    God:    Sif Muna [......]
Gold:   0          SH:  0    Dex: 13    Spells: 3/18 levels left

rFire    x . .     SeeInvis .     - Unarmed
rCold    + + +     Faith    .   (shield currently unavailable)
rNeg     . . .     Spirit   .   (helmet currently unavailable)
rPois    +         Reflect  .   (no amulet)
rElec    .         Harm     .   h - +3 ring of strength
rCorr    .         Rampage  .   i - +3 ring of intelligence
Will     .....     NoTele   +   (no ring)
Stlth    +.........             (no ring)
HPRegen  0.20/turn              (no ring)
MPRegen  0.15/turn              (no ring)
                                (no ring)
                                (no ring)

@: ice-form
A: freezing attack, boosted hp, almost no armour, amphibious, 8 rings, large,
(camouflage 1), (gelatinous body 1), (nimble swimmer 1), (tentacles)
a: End Transformation, Renounce Religion


You were in the Dungeon.
You worshipped Sif Muna.
Sif Muna was noncommittal.
You were a creature of crystalline ice.
You visited 1 branch

Inventory:

Jewellery
 h - a +3 ring of strength (left front paw)
 i - a +3 ring of intelligence (right front paw)
Wands
 g - a wand of acid (10)
Scrolls
 d - 2 scrolls of amnesia
 f - a scroll of blinking
Potions
 a - a potion of invisibility
 b - 5 potions of curing
 c - 2 potions of heal wounds
 e - 4 potions of magic


   Skills:
 + Level 6.4 Fighting
 + Level 6.7 Dodging
 - Level 3.0 Unarmed Combat
 + Level 6.2 Spellcasting
 * Level 9.4 Transmutations


You had 3 spell levels left.
You knew the following spells:

 Your Spells              Type           Power      Damage    Failure   Level
a - Beastly Appendage     Tmut           78%        N/A       1%          1
b - Wereblood             Tmut           39%        N/A       1%          2
c - Spider Form           Tmut/Pois      11%        N/A       4%          3
d - Ice Form              Ice/Tmut       22%        N/A       17%         4
e - Hydra Form            Tmut           19%        N/A       7%          5

Your spell library contained the following spells:

 Spells                   Type           Power      Damage    Failure   Level


Dungeon Overview and Level Annotations

Branches:
Dungeon (1/1)

Altars:
Cheibriados
Dithmenos
Elyvilon
Fedhas
Gozag
Hepliaklqana
Kikubaaqudgha
Makhleb
Nemelex Xobeh
Okawaru
Qazlal
Ru
Sif Muna
Trog
Uskayaw
Vehumet
Wu Jian
Xom
Yredelemnul
Zin
The Shining One
Beogh
Jiyva
Lugonu


Innate Abilities, Weirdness & Mutations

You are a creature of crystalline ice.
You have a powerful freezing melee attack.
Your maximum health is increased.
Your armour is entirely melded.
You are incapable of wielding weapons or throwing items.
You cannot wear most types of armour.
You are amphibious.
You can wear up to eight rings at the same time.
((Your skin changes colour to match your surroundings (Stealth+).))
((Your rubbery body absorbs attacks. (AC +1, EV +1)))
((You are camouflaged near water. (Stealth+)))
((You have tentacles for arms and can constrict up to eight enemies at once.))


Message History

Ouch! That really hurt!
Reactivating autopickup.
You punch the shadow!
The shadow is almost destroyed.
The shadow hits you.
You barely miss the shadow.
The shadow is almost destroyed.
The shadow hits you!
* * * LOW HITPOINT WARNING * * *
You barely miss the shadow.
The shadow is almost destroyed.
The shadow closely misses you.
Unknown command.
You hit the shadow but do no damage.
The shadow is almost destroyed.
The shadow hits you.
* * * LOW HITPOINT WARNING * * *
You punch the shadow!
You destroy the shadow!
Sif Muna accepts your kill.
Your Fighting skill increases to level 6!
Your Spellcasting skill increases to level 6!
Your Transmutations skill increases to level 9!
You have reached level 7!
You close the door.
A troll opens the door.
Okay, then.
You close the door.
A troll opens the door.
You close the door.
A troll opens the door.
You close the door.
A troll opens the door.
You close the door.
A troll opens the door.
You close the door.
A troll opens the door.
You close the door.
A troll opens the door.
There's a creature in the doorway!
There's a creature in the doorway!
You hit the troll. You freeze the troll.
The troll is moderately wounded.
You barely miss the troll.
The troll is moderately wounded.
The troll closely misses you. The troll claws you!
You die...

▓.▓
▓.▓
▓)▓
▓.▓
▓[▓
▓[▓
▓[▓
▓.▓
▓Y▓
▓T▓
▓W▓
▓y▓
▓Y▓
▓W▓
▓.▓
▓.▓


You could see a yak, a troll, a hornet and 2 wraiths.

Vanquished Creatures
  A shadow (D)
  An ice beast (D)
  A necrophage (D)
  A phantom (D)
  A hound (D)
  A bat (D)
  A bat skeleton (D)
  An endoplasm (D)
  A ball python (D)
  A frilled lizard (D)
  A rat (D)
11 creatures vanquished.

Notes
Turn   | Place    | Note
-------+----------+-------------------------------------------
     0 | D        | Zeld the Octopode Transmuter began the quest for the Orb.
     0 | D        | Reached XP level 1. HP: 13/13 MP: 3/3
   504 | D        | Noticed a hound
   504 | D        | Noticed an ice beast
   504 | D        | Noticed a necrophage
   504 | D        | Noticed a phantom
   508 | D        | Killed a hound
   509 | D        | Reached skill level 4 in Transmutations
   509 | D        | Reached XP level 2. HP: 16/20 MP: 3/6
   509 | D        | Reached XP level 3. HP: 20/25 MP: 3/7
   511 | D        | Killed an ice beast
   512 | D        | Reached skill level 6 in Transmutations
   512 | D        | Reached XP level 4. HP: 13/33 MP: 3/10
   512 | D        | Reached XP level 5. HP: 15/37 MP: 3/11
   513 | D        | Killed a necrophage
   514 | D        | Reached skill level 5 in Fighting
   514 | D        | Reached skill level 5 in Dodging
   514 | D        | Reached skill level 5 in Spellcasting
   514 | D        | Reached skill level 7 in Transmutations
   535 | D        | Found a snail-covered altar of Cheibriados.
   535 | D        | Found a shadowy altar of Dithmenos.
   535 | D        | Found a white marble altar of Elyvilon.
   535 | D        | Found a blossoming altar of Fedhas.
   535 | D        | Found an opulent altar of Gozag.
   536 | D        | Found a hazy altar of Hepliaklqana.
   537 | D        | Found a viscous altar of Jiyva.
   538 | D        | Found an ancient bone altar of Kikubaaqudgha.
   539 | D        | Found a corrupted altar of Lugonu.
   540 | D        | Found a burning altar of Makhleb.
   541 | D        | Found a sparkling altar of Nemelex Xobeh.
   542 | D        | Found an iron altar of Okawaru.
   543 | D        | Found a stormy altar of Qazlal.
   544 | D        | Found a sacrificial altar of Ru.
   545 | D        | Found a shimmering blue altar of Sif Muna.
   546 | D        | Found a bloodstained altar of Trog.
   547 | D        | Found a hide-covered altar of Uskayaw.
   548 | D        | Found a radiant altar of Vehumet.
   549 | D        | Found an ornate altar of the Wu Jian Council.
   550 | D        | Found a shimmering altar of Xom.
   551 | D        | Found a basalt altar of Yredelemnul.
   552 | D        | Found a glowing silver altar of Zin.
   553 | D        | Became a worshipper of Sif Muna the Loreminder
   554 | D        | Found a glowing golden altar of the Shining One.
   563 | D        | Learned a level 2 spell: Wereblood
   567 | D        | Learned a level 3 spell: Spider Form
   580 | D        | Killed a phantom
   581 | D        | Reached skill level 8 in Transmutations
   581 | D        | Reached XP level 6. HP: 41/46 MP: 8/14
   592 | D        | Learned a level 4 spell: Ice Form
  1017 | D        | Learned a level 5 spell: Hydra Form
  1017 | D        | Noticed a shadow
  1017 | D        | Noticed a troll
  1017 | D        | Noticed a wraith
  1017 | D        | Noticed a hornet
  1017 | D        | Noticed a yak
  1017 | D        | Noticed a wraith
  1025 | D        | Killed a shadow
  1026 | D        | Reached skill level 9 in Transmutations
  1026 | D        | Reached XP level 7. HP: 14/53 MP: 11/16
  1034 | D        | Slain by a troll

Illustrated notes

Levels and vault maps discovered:
D:        linesprint [early_d, line_temple, items_1, d_10, items_2, lair_1,
          lair_end, items_3, orc_1, orc_end, items_4, d_15, swamp_1, shoals_1,
          snake_1, spider_1, d_20, vaults_1, items_5, swamp_end, shoals_end,
          snake_end, spider_end, vaults_end, d_27, items_6, zot_1, zot_end,
          crypt_end, forest_end, elf_end, slime_end, tomb_end, abyss_end,
          pan_hell_end]

Skill      XL: |  1  2  3  4  5  6 |
---------------+-------------------+-----
Fighting       | 2 4 5 6 |  6.4
Dodging        | 3 4 6 |  6.7
Spellcasting   | 3 4 5 6 |  6.2
Transmutations | 4 6 8 9 |  9.4
Unarmed Combat | |  3.0

Action                   |  1- 3 |  4- 6 |  7- 9 || total
-------------------------+-------+-------+-------++-------
Melee: Unarmed           |    13 |    22 |     2 ||    37
       Constrict         |     5 |     1 |       ||     6
       Kick              |     5 |     1 |       ||     6
       Tentacles         |     1 |     1 |       ||     2
       Punch             |     1 |       |       ||     1
 Cast: Beastly Appendage |     2 |       |       ||     2
       Spider Form       |       |     1 |       ||     1
       Ice Form          |       |     1 |       ||     1
  Use: Potion            |     1 |     2 |       ||     3
       Scroll            |       |     1 |       ||     1
Armor: Skin              |     1 |     1 |       ||     2
Dodge: Dodged            |     5 |    10 |     1 ||    16

Table legend: (Time is in decaauts)
 A = Elapsed time spent in this place.
 B = Non-inter-level travel time spent in this place.
 C = Inter-level travel time spent in this place.
 D = Time resting spent in this place.
 E = Time spent auto-exploring this place.
 F = Levels seen in this place.
 G = Mean time per level.
                   A        B        C        D        E       F      G
               +--------+--------+--------+--------+--------+-----+--------+
         Total |   1022 |   1022 |      0 |    885 |      0 |   1 | 1022.0 |
       Dungeon |   1022 |   1022 |      0 |    885 |      0 |   1 | 1022.0 |
               +--------+--------+--------+--------+--------+-----+--------+

Top non-repeatable levels by time:
       D: 1022 daAuts
